 Dungeon Crawl Stone Soup version 0.28.0-53-g5a82cb258f (webtiles) character file.

Game seed: 4739892019767789805

670 Faeu the Cleaver (level 7, -3/57 HPs)
             Began as a Hill Orc Berserker on May 24, 2022.
             Was an Initiate of Beogh.
             Slain by a polar bear (5 damage)
             ... created by the rage of Trog
             ... on level 5 of the Dungeon on May 25, 2022.
             The game lasted 00:18:26 (4124 turns).

Faeu the Cleaver (Hill Orc Berserker)               Turns: 4124, Time: 00:18:27

Health: -3/57      AC: 14    Str: 22    XL:     7   Next: 58%
Magic:  8/8        EV:  7    Int:  7    God:    Beogh [......]
Gold:   179        SH:  0    Dex: 10    Spells: 6/6 levels left

rFire   . . .      SeeInvis .   f - +2 whip (elec) {mace}
rCold   . . .      Faith    .   (no shield)
rNeg    . . .      Spirit   .   g - +0 plate armour
rPois   .          Reflect  .   (no helmet)
rElec   .          Harm     .   (no cloak)
rCorr   .          Rampage  .   (no gloves)
Will    .....                   q - +0 pair of boots
Stlth   ..........              (no amulet)
HPRegen 0.19/turn               (no ring)
MPRegen 0.11/turn               (no ring)

@: no status effects
A: no striking features
a: Renounce Religion


You were on level 5 of the Dungeon.
You worshipped Beogh.
Beogh was noncommittal.
You visited 1 branch of the dungeon, and saw 5 of its levels.

You collected 179 gold pieces.


   Skills:
 - Level 3.6 Fighting
 + Level 8.3 Axes
 + Level 6.1 Armour
 - Level 1.5 Dodging
 - Level 1.4 Fire Magic
 - Level 1.9 Invocations


You had 6 spell levels left.
You didn't know any spells.
Your spell library contained the following spells:

 Spells                   Type           Power      Damage    Failure   Level
 Magic Dart               Conj           0%         1d3       100%        1
 Searing Ray              Conj           0%         2d4       100%        2
 Confusing Touch          Hex            0%         N/A       100%        3
 Gell's Gravitas          Tloc           0%         N/A       100%        3
 Teleport Other           Tloc           0%         N/A       100%        3
 Fulminant Prism          Conj/Hex       0%         3d6       100%        4
 Yara's Violent Unravell  Hex/Tmut       0%         3d3       100%        5
 Dispersal                Tloc           0%         N/A       100%        6
 Enfeeble                 Hex            0%         N/A       100%        7

Inventory:

Hand Weapons
 a - a +0 hand axe {axe}
 f - a +2 whip of electrocution (weapon) {mace}
   (You took it off a kobold on level 1 of the Dungeon)
 k - a +0 flail of draining {mace}
   (You found it on level 2 of the Dungeon)
Missiles
 c - 40 stones (quivered) {throwing}
 h - 30 arrows
 n - 14 sling bullets
 p - 11 poisoned darts {throwing}
 w - 4 boomerangs {throwing}
Armour
 b - a +0 animal skin
 g - a +0 plate armour (worn)
   (You found it on level 1 of the Dungeon)
 q - a +0 pair of boots (worn)
   (You found it on level 3 of the Dungeon)
Scrolls
 d - a scroll of acquirement {unknown}
 e - 2 scrolls of enchant armour {unknown}
 i - 2 scrolls of teleportation {unknown}
 j - 2 scrolls of noise {unknown}
 m - a scroll of blinking {unknown}
 r - a scroll of magic mapping {unknown}
 s - a scroll of identify {unknown}
 t - a scroll of immolation {unknown}
 v - a scroll of fog {unknown}
 x - a scroll of torment {unknown}
Potions
 l - 2 potions of haste {@q3}
 o - 3 potions of attraction {unknown}
 u - 2 potions of curing {unknown}

Dungeon Overview and Level Annotations

Branches:
Dungeon (5/15)
 Temple: D:4-7

Altars:
Trog

#.....####......
##.....#.........
######........#
#.....
...§..)......##
.....
#...§.§..).....#
#.§§§§§§.......#.
..§..§§§..........
§§§.§§.§......8..
.....§..@.o...P..
#####..hh.......P
##.h......####
#..........#
#..........#
#..........#
#..........#
#...P.......#
#.≈........##


You could see 2 polar bears, a black bear (berserk) and a neutral orc priest
(wandering).


Message History

You hit the scorpion zombie.
Lightning courses through the scorpion zombie!!
You destroy the scorpion zombie!
Beogh accepts your kill.
You hit the water moccasin skeleton.
The water moccasin skeleton closely misses you.
You hit the water moccasin skeleton.
The water moccasin skeleton bites you but does no damage.
You barely miss the water moccasin skeleton.
The water moccasin skeleton bites you but does no damage.
You hit the water moccasin skeleton.
The water moccasin skeleton barely misses you. 😱 HP[+1]
You barely miss the water moccasin skeleton.
The water moccasin skeleton bites you but does no damage.
You whack the water moccasin skeleton!
Lightning courses through the water moccasin skeleton!
You destroy the water moccasin skeleton!
Beogh accepts your kill.
Your Armour skill increases to level 6!
You hit the orc. Lightning courses through the orc!
You kill the orc!
Beogh accepts your kill.
You hit the shadow imp but do no damage.
Lightning courses through the shadow imp!
You kill the shadow imp!
Beogh accepts your kill.
You hit the adder zombie.
The adder zombie closely misses you. 😱 HP[+1]
You hit the adder zombie.
The adder zombie bites you but does no damage.
You hit the adder zombie.
Lightning courses through the adder zombie!
You destroy the adder zombie!
Beogh accepts your kill.
You hit the hound zombie.
Lightning courses through the hound zombie!
You destroy the hound zombie!
Beogh accepts your kill.
Things that are here:
a +0 club {mace}; an orc corpse 😨 HP[+1]
You hear the rusting of a very distant drain.
o - 2 lumpy coppery potions (gained 1)
A howler monkey zombie comes into view.
You see here a +0 trident {polearm}. 😨 HP[+1]
The howler monkey zombie hits you but does no damage.
You whack the howler monkey zombie!
Lightning courses through the howler monkey zombie!
The howler monkey zombie hits you but does no damage.
You hit the howler monkey zombie.
The howler monkey zombie hits you but does no damage. 😨 HP[+1]
You hit the howler monkey zombie.
The howler monkey zombie hits you but does no damage.
You hit the howler monkey zombie.
You destroy the howler monkey zombie!
Beogh accepts your kill. 😨 HP[+1]
An adder skeleton comes into view.
You see here a lumpy coppery potion.
You see here a lumpy coppery potion. 😨 HP[+1]
o - 3 lumpy coppery potions (gained 1)
The adder skeleton bites you but does no damage.
The adder skeleton barely misses you. 😨 HP[+1]
You barely miss the adder skeleton.
The adder skeleton bites you but does no damage.
You barely miss the adder skeleton. You hit the adder skeleton.
The adder skeleton barely misses you.
You hit the adder skeleton.
The adder skeleton bites you but does no damage.
You whack the adder skeleton!
You destroy the adder skeleton!
Beogh accepts your kill. 😨 HP[+1]
You hear the rusting of a very distant drain.
Trog sends monsters to punish you.
A black bear and 2 polar bears come into view.
You are too injured to fight recklessly! 😨 HP[+5]
You regained 5 hp, and now have 26/57 hp.
The polar bear bites you.
* * * LOW HITPOINT WARNING * * *
The polar bear claws you.
* * * LOW HITPOINT WARNING * * *
The polar bear barely misses you. 😨 HP[-4]
You take 4 damage, and now have 22/57 hp.
The polar bear rages.
Okay, then.
The polar bear rages.
The polar bear barely misses you.
The polar bear claws you but does no damage. x2
The polar bear bites you!!
* * * LOW HITPOINT WARNING * * *
The polar bear claws you.
You die...

Skill      XL: |  1  2  3  4  5  6  7 |
---------------+----------------------+-----
Invocations    | 1 |  1.9
Fire Magic     | 1 |  1.4
Axes           | 5 6 7 8 |  8.3
Armour         | 3 4 5 6 |  6.1
Fighting       | |  3.6
Dodging        | |  1.5

Action                   |  1- 3 |  4- 6 |  7- 9 || total
-------------------------+-------+-------+-------++-------
Melee: Hand axe          |    94 |    38 |       ||   132
       Punch             |     3 |     2 |       ||     5
       Whip              |       |   128 |    43 ||   171
Throw: Stone             |    15 |       |       ||    15
Invok: Berserk           |     2 |     2 |       ||     4
       Convert to Beogh  |       |       |     1 ||     1
  Use: Potion            |       |     1 |       ||     1
Armor: Animal skin       |    10 |       |       ||    10
       Plate armour      |    36 |   106 |    20 ||   162
Dodge: Dodged            |    43 |    56 |    15 ||   114

Levels and vault maps discovered:
D:1:      evilmike_arrival_fibonacci_small, layout_basic
D:2:      layout_basic, shapermc_ecumenical_altar_mp_urbaneastern, minivault_5,
          item_on_display_a
D:3:      layout_rooms, lemuel_crystal_altar, uniq_terence
D:4:      layout_rooms
D:5:      layout_rooms, serial_undead, serial_undead_f, serial_undead_c,
          serial_undead_e, serial_undead_a, serial_undead_f, serial_undead_f,
          serial_undead_e, portal_sewer_entry_b, water_maze_lemuel

Notes
Turn   | Place    | Note
-------+----------+-------------------------------------------
     0 | D:1      | Faeu the Hill Orc Berserker began the quest for the Orb.
     0 | D:1      | Reached XP level 1. HP: 19/19 MP: 1/1
     0 | D:1      | magus.rc [v1.9.6]
   358 | D:1      | Reached skill level 1 in Invocations
   383 | D:1      | HP: 5/28 [gnoll/+0 whip (9)]
   385 | D:1      | Reached skill level 1 in Fire Magic
   385 | D:1      | Reached XP level 2. HP: 8/26 MP: 1/3
  1067 | D:1      | You add the spells Gell's Gravitas, Teleport Other and
                  | Dispersal to your library.
  1159 | D:1      | Reached XP level 3. HP: 31/31 MP: 4/4
  1208 | D:1      | You pick up a book of Conjurations {forbidden@e2} and begin
                  | reading...
  1208 | D:1      | You add the spells Magic Dart, Searing Ray and Fulminant
                  | Prism to your library.
  1969 | D:2      | Found a faded altar of an unknown god.
  2030 | D:2      | Reached skill level 5 in Axes
  2030 | D:2      | Reached XP level 4. HP: 32/39 MP: 5/5
  2137 | D:2      | Reached skill level 3 in Armour
  2190 | D:2      | You pick up a book of Misfortune {forbidden} and begin
                  | reading...
  2190 | D:2      | You add the spells Confusing Touch, Yara's Violent
                  | Unravelling and Enfeeble to your library.
  2290 | D:2      | magus.rc [v1.9.6]
  2718 | D:3      | Found a bloodstained altar of Trog.
  2900 | D:3      | magus.rc [v1.9.6]
  2940 | D:3      | Noticed Terence
  2944 | D:3      | Killed Terence
  2945 | D:3      | Reached XP level 5. HP: 45/45 MP: 6/6
  3329 | D:4      | Reached ** piety under Trog
  3388 | D:4      | Reached skill level 6 in Axes
  3388 | D:4      | Reached skill level 4 in Armour
  3553 | D:4      | Reached XP level 6. HP: 41/51 MP: 7/7
  3896 | D:5      | Entered Level 5 of the Dungeon
  3923 | D:5      | Reached skill level 7 in Axes
  3923 | D:5      | Reached skill level 5 in Armour
  3970 | D:5      | Reached XP level 7. HP: 25/57 MP: 8/8
  4029 | D:5      | Fell from the grace of Trog
  4029 | D:5      | Became a worshipper of Beogh the Brigand
  4038 | D:5      | HP: 12/57 [hound zombie (3)]
  4039 | D:5      | Reached skill level 8 in Axes
  4052 | D:5      | Reached skill level 6 in Armour
  4120 | D:5      | Noticed a polar bear
  4120 | D:5      | Noticed a polar bear
  4124 | D:5      | HP: 2/57 [polar bear[the rage of Trog] (21)]
  4124 | D:5      | Slain by a polar bear

Vanquished Creatures
  An ogre (D:5)
  A wyvern zombie (D:5)
  A water moccasin zombie (D:5)
  2 water moccasin skeletons (D:5)
  A hound (D:4)
  A centaur skeleton (D:4)
  An iguana (D:4)
  Terence (D:3)
  A scorpion zombie (D:5)
  2 hound zombies (D:5)
  A howler monkey zombie (D:5)
  6 gnolls
  6 adders
  A shadow imp (D:5)
  An ufetubus (D:4)
  2 adder zombies (D:5)
  An adder skeleton (D:5)
  A worm (D:2)
  4 dart slugs
  6 orcs (D:5)
  6 ball pythons
  4 bats (D:1)
  4 endoplasms
  4 giant cockroaches
  6 goblins
  3 hobgoblins
  3 jackals (D:4)
  A quokka (D:1)
  2 frilled lizards (D:1)
  9 kobolds
  4 rats
87 creatures vanquished.

Vanquished Creatures (others)
  3 orcs (D:5)
  A fungus (D:2)
  2 withered plants (D:5)
6 creatures vanquished.

Grand Total: 93 creatures vanquished

Table legend:
 A = Non-vault XP
 B = Vault XP
 C = Vault XP percentage of total XP
 D = Non-vault monster count
 E = Vault monster count
 F = Vault count percentage of total count
                 A         B        C        D         E       F
            +---------+---------+-------+---------+---------+-------
      Total |     707 |     251 |  26.2 |      76 |      10 |  11.6
            +---------+---------+-------+---------+---------+-------
        D:1 |      64 |       0 |   0.0 |      24 |       0 |   0.0
        D:2 |      57 |       0 |   0.0 |      10 |       0 |   0.0
        D:3 |      50 |      32 |  39.0 |      15 |       1 |   6.2
        D:4 |     212 |       0 |   0.0 |      17 |       0 |   0.0
        D:5 |     324 |     219 |  40.3 |      10 |       9 |  47.4
            +---------+---------+-------+---------+---------+-------

Illustrated notes

Table legend:
 A = Kills in this place as a percentage of kills in entire the game.
 B = Kills by you in this place as a percentage of kills by you in the entire game.
 C = Kills by friends in this place as a percentage of kills by friends in the entire game.
 D = Other kills in this place as a percentage of other kills in the entire game.
 E = Experience gained in this place as a percentage of experience gained in the entire game.
 F = Experience gained in this place divided by the number of levels of this place that you have seen.
                   A       B       C       D       E      F
               +-------+-------+-------+-------+-------+----------------------
         Total | 100.0 | 100.0 |   N/A |   N/A | 100.0 | 191.6
       Dungeon | 100.0 | 100.0 |   N/A |   N/A | 100.0 | 191.6
               +-------+-------+-------+-------+-------+----------------------

Table legend: (Time is in decaauts)
 A = Elapsed time spent in this place.
 B = Non-inter-level travel time spent in this place.
 C = Inter-level travel time spent in this place.
 D = Time resting spent in this place.
 E = Time spent auto-exploring this place.
 F = Levels seen in this place.
 G = Mean time per level.
                   A        B        C        D        E       F      G
               +--------+--------+--------+--------+--------+-----+--------+
         Total |   4140 |   3754 |    386 |    708 |   1799 |   5 |  828.0 |
       Dungeon |   4140 |   3754 |    386 |    708 |   1799 |   5 |  828.0 |
               +--------+--------+--------+--------+--------+-----+--------+

Top non-repeatable levels by time:
     D:1: 1781 daAuts
     D:2: 964 daAuts
     D:4: 597 daAuts
     D:3: 584 daAuts
     D:5: 211 daAuts
